AoeStats
← PAN71226

Arabia

509977251Analyzed
1v1 RM · 2d ago on Sep 28, 2026· 50m 8s· 2 players
Game mode
Random Map
Map size
Tiny (2 player)
Population
200
Speed
Normal
Resources
Standard
Victory
Conquest
Starting age
Dark Age
Ending age
Imperial Age
RankedLock teamsTeams togetherTeam positionsShared explorationLock speedFull tech treeHidden civsTurbo modeCheats
Victory
Defeat
🇦🇷 Saracens · Argentina
942
+16
🇨🇴 Persians · Colombia
941
-16
PAN71226
4:48 Loom
9:39 Feudal Age
10:07 Double-Bit Axe
18:09 Fletching
22:18 Castle Age
21:48 Forging
21:45 Scale Barding Armor
22:47 Pikeman
25:30 Bodkin Arrow
28:50 Parthian Tactics
33:44 Bow Saw
33:36 Elite Skirmisher
34:49 Husbandry
35:01 Bloodlines
40:48 Imperial Age
39:08 Gold Mining
42:42 Chemistry
44:21 Wheelbarrow
44:44 Chain Barding Armor
46:04 Iron Casting
[DMSS] IGKnud
7:27 Loom
9:53 Feudal Age
11:13 Double-Bit Axe
13:45 Fletching
15:50 Horse Collar
19:19 Castle Age
18:10 Padded Archer Armor
19:52 Bloodlines
21:07 Scale Barding Armor
24:30 Bow Saw
27:02 Husbandry
28:52 Wheelbarrow
31:05 Forging
30:55 Bodkin Arrow
35:46 Imperial Age
39:16 Heavy Camel Rider
40:19 Chain Barding Armor
42:07 Light Cavalry
43:49 Forging
43:59 Hand Cart
45:24 Ballistics
48:02 Plate Barding Armor
47:43 Leather Archer Armor
47:42 Heavy Plow
48:27 Bracer
48:44 Leather Archer Armor
Connection lost

Rejoining the realm…

Still unreachable

The connection could not be restored.

Session expired

The server has moved on; the page needs a fresh start.